 Dungeon Sprint DCSS version 0.27.1-34-g3ba077fa99 (webtiles) character file.

Game seed: 3067280891013488614

3 boopmooplesden the Twirler (level 1, 0/18 HPs)
             Began as a Minotaur Gladiator on Jan 6, 2022.
             Was an Initiate of Okawaru.
             Slain by an orc (9 damage)
             ... in the Dungeon (Sprint VII: "The Pits").
             The game lasted 00:00:19 (69 turns).

boopmooplesden the Twirler (Minotaur Gladiator)       Turns: 69, Time: 00:00:19

Health: 0/18       AC:  3    Str: 18    XL:     1   Next: 41%
Magic:  0/0        EV: 12    Int:  5    God:    Okawaru [......]
Gold:   0          SH:  0    Dex: 11    Spells: 0/0 levels left

rFire    . . .     SeeInvis .   k - +2 quarterstaff
rCold    . . .     Faith    .   (shield currently unavailable)
rNeg     . . .     Spirit   .   b - +0 leather armour
rPois    .         Reflect  .   c - +0 hat
rElec    .         Harm     .   (no cloak)
rCorr    .         Rampage  .   (no gloves)
Will     .....     NoTele   +   (no boots)
Stlth    +.........             (no amulet)
HPRegen  0.06/turn              (no ring)
MPRegen  0.07/turn              (no ring)

@: no status effects
A: horns 2, retaliatory headbutt
a: Renounce Religion


You were in the Dungeon.
You worshipped Okawaru.
Okawaru was noncommittal.
You visited 1 branch

Inventory:

Hand Weapons
 a - a +0 quarterstaff
 k - a +2 quarterstaff (weapon)
Missiles
 d - 3 throwing nets (quivered)
Armour
 b - a +0 leather armour (worn)
 c - a +0 hat (worn)
Scrolls
 j - a scroll of blinking
 m - 5 scrolls of amnesia
 n - a scroll of summoning
Potions
 e - a potion of curing
 f - a potion of heal wounds
 g - a potion of haste
 h - 4 potions of magic
 i - 3 potions of berserk rage
 l - 2 potions of invisibility


   Skills:
 + Level 2.6 Fighting
 + Level 4.4 Staves
 + Level 2.1 Throwing
 + Level 3.8 Dodging


You couldn't memorise any spells.
You didn't know any spells.
Your spell library was empty.

Dungeon Overview and Level Annotations

Branches:
Dungeon (1/1)

Altars:
Ashenzari
Cheibriados
Dithmenos
Elyvilon
Fedhas
Gozag
Hepliaklqana
Kikubaaqudgha
Makhleb
Nemelex Xobeh
Okawaru
Qazlal
Ru
Sif Muna
Trog
Uskayaw
Vehumet
Wu Jian
Xom
Yredelemnul
Zin
The Shining One
Beogh
Jiyva
Lugonu


Innate Abilities, Weirdness & Mutations

You have a pair of horns on your head.
You reflexively headbutt those who attack you in melee.


Message History

You open the door.
A ball python and a giant cockroach come into view.
The ball python hisses angrily.
You hit the giant cockroach but do no damage.
The giant cockroach misses you.
You hit the giant cockroach.
The giant cockroach is heavily wounded.
The giant cockroach barely misses you.
The giant cockroach bites you but does no damage.
You thump the giant cockroach!
You kill the giant cockroach!
Okawaru accepts your kill.
Your Staves skill increases to level 4!
You barely miss the ball python. Your headbutt misses the ball python.
The ball python bites you but does no damage.
The ball python grabs you. The ball python constricts you.
The ball python closely misses you. The ball python constricts you.
You hit the ball python.
You kill the ball python!
Okawaru accepts your kill.
There is an open door here.
You see here a giant cockroach corpse.
You open the door.
A floating eye and an orc come into view.
The orc shouts!
The floating eye turns its gaze towards you.
The floating eye's stare focuses on you.
There is an open door here.
You hit the floating eye.
You headbutt the floating eye, but do no damage.
The floating eye is lightly wounded.
You hit the floating eye.
The floating eye is lightly wounded.
The orc hits you with a +0 flail!
Ouch! That really hurt!
You sock the floating eye! Your headbutt misses the floating eye.
The floating eye is almost dead.
The orc hits you with a +0 flail!
Ouch! That really hurt!
You die...

#_______...###########+
##########'##..........
#.?(.')))'.##......#..#
##########.##..........
#...........'..........
+#####†#####......#..#
#...#.# #..........
#..G#.# ####'#####+
#..o@.# #.......#
##+#### #.......#
#.......# #...<...#
#.......# #.......#
#.......# #########


You could see a floating eye (charged) and an orc.

Vanquished Creatures
  A ball python (D)
  A giant cockroach (D)
  A ball python skeleton (D)
3 creatures vanquished.

Notes
Turn   | Place    | Note
-------+----------+-------------------------------------------
     0 | D        | boopmooplesden the Minotaur Gladiator began the quest for
                  | the Orb.
     0 | D        | Reached XP level 1. HP: 18/18 MP: 0/0
    38 | D        | Found a bloodstained altar of Trog.
    38 | D        | Found a shimmering blue altar of Sif Muna.
    38 | D        | Found a viscous altar of Jiyva.
    38 | D        | Found a hazy altar of Hepliaklqana.
    38 | D        | Found an opulent altar of Gozag.
    39 | D        | Found a glowing golden altar of the Shining One.
    39 | D        | Found a glowing silver altar of Zin.
    39 | D        | Found a basalt altar of Yredelemnul.
    39 | D        | Found a shimmering altar of Xom.
    39 | D        | Found an ornate altar of the Wu Jian Council.
    39 | D        | Found a sacrificial altar of Ru.
    39 | D        | Found a stormy altar of Qazlal.
    39 | D        | Found an iron altar of Okawaru.
    39 | D        | Found a sparkling altar of Nemelex Xobeh.
    39 | D        | Found a burning altar of Makhleb.
    39 | D        | Found a blossoming altar of Fedhas.
    39 | D        | Found a white marble altar of Elyvilon.
    39 | D        | Found a shadowy altar of Dithmenos.
    39 | D        | Found a snail-covered altar of Cheibriados.
    41 | D        | Found a radiant altar of Vehumet.
    41 | D        | Found a corrupted altar of Lugonu.
    42 | D        | Found a hide-covered altar of Uskayaw.
    42 | D        | Found an ancient bone altar of Kikubaaqudgha.
    42 | D        | Found a broken altar of Ashenzari.
    46 | D        | Became a worshipper of Warmaster Okawaru
    60 | D        | Reached skill level 4 in Staves
    66 | D        | Noticed a floating eye
    69 | D        | Slain by an orc

Illustrated notes

Levels and vault maps discovered:
D:        pitsprint [storerooms_1, entrance_room_1, metal_vault_5, armoury_2,
          mini_pit_1, grid_room_1, main_hall_1, silver_pit, the_coven_1,
          the_vestibule_1, steel_vault_3, golden_pit, hallway_of_sentries,
          crystal_vault_2, iron_vault_2, final_vault]

Skill      XL: |  1 |
---------------+----+-----
Staves         | 4 |  4.4
Fighting       | |  2.6
Throwing       | |  2.1
Dodging        | |  3.8

Action                   || total
-------------------------++-------
Melee: Quarterstaff      ||     9
       Headbutt          ||     1
Armor: Leather armour    ||     3
Dodge: Dodged            ||     4
